Unix NetHack Version 3.7.0-82 Work-in-progress - last build Apr 17 2023 03:07:26 (e853d47aa369caa3f400cfc56ad4c4ae4a18b75a,branch:master). Game began 2023-04-22 22:38:18, ended 2023-04-22 23:39:49. OhNoNotAgain, chaotic male human Rogue ------------ |`.........| ------------####...........| ----- #-..........-# |..........| --...-- #|..........|### |...^......| --....{-- #|..........|P |..........| ..>......# #|..........|# ------.----- |.......|# #------------# # |........################ # --.....--# ## ## --`..-- # ---+- # ---.---- |<.....| |.{....| .......| .------- OhNoNotAgain the Cutpurse St:15 Dx:18 Co:12 In:10 Wi:11 Ch:12 Chaotic S:1851 Dlvl:8 $:275 HP:0(38) Pw:19(19) AC:2 Xp:5/294 T:3414 Latest messages: In what direction? h You throw 2 daggers. The 1st dagger hits the wererat. The 2nd dagger misses the wererat. In what direction? h You throw 2 daggers. The 1st dagger hits the wererat. The 2nd dagger hits the wererat. The wererat escapes downstairs! b - 3 +0 daggers (alternate weapons; not wielded) (4 in total). b - 2 +0 daggers (alternate weapons; not wielded) (6 in total). You hear someone searching. You find a hidden door. The door opens. The plains centaur hits! The plains centaur kicks! The plains centaur hits! The plains centaur kicks! The jackal snaps wildly and misses! The jackal misses! You hit the gray ooze. The jackal bites! What do you want to zap? [hqw or ?*] q In what direction? l The jackal vanishes! It misses! You hit it. The plains centaur just misses! The plains centaur misses! The plains centaur misses! The plains centaur kicks! You attack thin air. The plains centaur just misses! The plains centaur misses! Wait! There's something there you can't see! The plains centaur misses! The plains centaur kicks! It just misses! The plains centaur hits! The plains centaur misses! What do you want to zap? [hqw or ?*] ? In what direction? k The plains centaur vanishes! It hits! It kicks! It misses! You kill it! It hits! You die... Do you want your possessions identified? [ynq] (y) q Inventory: Coins $ - 275 gold pieces Weapons O - a +0 dart b - 6 +0 daggers (alternate weapons; not wielded) F - 2 +0 daggers M - a +0 orcish dagger a - a +0 short sword (weapon in hand) Armor L - an uncursed +0 orcish helm (being worn) H - an uncursed +0 pair of iron shoes (being worn) i - an uncursed +1 cloak of invisibility (being worn) T - an uncursed +0 orcish cloak c - an uncursed +1 leather armor (being worn) Wands q - a wand of make invisible (0:2) h - a wand of striking (0:0) w - a wand of undead turning (0:6) Tools S - an uncursed sack containing 8 items B - an uncursed blindfold l - an uncursed lock pick P - a +0 pick-axe R - an uncursed tin whistle Gems/Stones Q - an uncursed worthless piece of violet glass Contents of the sack: an uncursed scroll of light an uncursed spellbook of restore ability a potion of holy water an uncursed potion of healing an uncursed potion of sickness a wand of speed monster (0:5) an uncursed towel an uncursed worthless piece of black glass OhNoNotAgain the Rogue's attributes: Background: You were a Cutpurse, a level 5 male human Rogue. You were chaotic, on a mission for Kos who was opposed by Issek (lawful) and Mog (neutral). You were in the Dungeons of Doom, on level 8. You entered the dungeon 3414 turns ago. It was nighttime. There was a new moon in effect when your adventure ended. You had 294 experience points, 26 more were needed to attain level 6. Your score was 1851 before end-of-game adjustments. Basics: You had 0 out of 38 hit points. You had all 19 energy points (spell power). Your armor class was 2. Your wallet contained 275 zorkmids. Autopickup was on for '$' plus thrown. Final Characteristics: Your strength was 15 (limit:18/100). Your dexterity was 18 (limit:18). Your constitution was 12 (limit:18). Your intelligence was 10 (limit:18). Your wisdom was 11 (limit:18). Your charisma was 12 (limit:18). Final Status: You were not hungry. You were unencumbered. You were wielding a short sword. You had basic skill with short sword. Final Attributes: You were piously aligned. You were invisible. You were stealthy. You were warded. You are dead. Miscellaneous: You never encountered a bones level. Total elapsed playing time was 1 hour, 1 minute and 15 seconds. Major events: Turn 1: OhNoNotAgain the chaotic male human Rogue entered the dungeon 827: entered the Gnomish Mines 1068: attained the rank of Cutpurse (level 3) 3414: killed by an invisible plains centaur Vanquished creatures: a leprechaun 2 Uruk-hai an orc shaman 3 rock piercers 2 yellow lights a shrieker a gnome leader a floating eye 2 dwarves a homunculus a kobold leader 2 hill orcs a rothe 2 wererats 2 iguanas a coyote a hobbit 2 hobgoblins a gnome a gecko 2 jackals 2 foxes 4 kobolds 2 goblins 3 sewer rats 6 grid bugs 5 lichens 6 newts 59 creatures vanquished. No species were genocided or became extinct. Voluntary challenges: You read items or engraved 7 times. You engraved Elbereth 3 times. You never genocided any monsters. You never polymorphed an object. You never changed form. You used no wishes. Achievements: You entered a shop. You entered the Gnomish Mines. You attained the rank of Cutpurse. The Dungeons of Doom: levels 1 to 9 Level 1: Level 2: "General Store + Spellbook Stash" A shop. Stairs down to The Gnomish Mines. Level 3: "Big Food Shop" A general store, a fountain. Level 4: Level 5: A fountain. Level 6: A fountain. Level 7: Level 8: <- You were here. A fountain, a sink. Final resting place for you, killed by an invisible plains centaur. Level 9: The Gnomish Mines: Level 3: Game over: ---------- / \ / REST \ / IN \ / PEACE \ / \ | OhNoNotAgain | | 275 Au | | killed by an | | invisible plains | | centaur | | | | 2023 | *| * * * | * _________)/\\_//(\/(/\)/\//\/|_)_______ Goodbye OhNoNotAgain the Rogue... You died in The Dungeons of Doom on dungeon level 8 with 1824 points, and 275 pieces of gold, after 3414 moves. You were level 5 with a maximum of 38 hit points when you died.